 Dungeon Crawl Stone Soup version 0.31-a0-278-g485e682e34 (webtiles) character file.

Game seed: 1344300850148405540

422 AdnanSaban the Cudgeller (level 6, -3/38 HPs)
             Began as a Gargoyle Fighter on July 16, 2023.
             Slain by an orc
             ... wielding a +0 hand axe
              (4 damage)
             ... on level 4 of the Dungeon.
             The game lasted 00:05:48 (3378 turns).

AdnanSaban the Cudgeller (Gargoyle Fighter)         Turns: 3378, Time: 00:05:48

Health: -3/38      AC: 15    Str: 22    XL:     6   Next: 95%
Magic:  6/6        EV: 10    Int:  8    God:
Gold:   220        SH:  5    Dex: 12    Spells: 5/5 levels left

rFire   . . .        r - +1 mace of the Depths {pain, Dex+3}
rCold   + . .        c - +0 buckler
rNeg    + . .        w - +1 ring mail {rC+}
rPois   ∞            (no helmet)
rElec   +            (no cloak)
rCorr   .            a - +0 pair of gloves
SInv    .            o - +2 pair of boots
Will    .....        (no amulet)
Stlth   +            (no ring)
HPRegen 0.26/turn    (no ring)
MPRegen 0.10/turn

%: no passive effects
@: no status effects
A: sickness immunity, AC +4, negative energy resistance 1, electricity
resistance, torment resistance 1, petrification resistance
a: no special abilities


You were on level 4 of the Dungeon.
You visited 1 branch of the dungeon, and saw 4 of its levels.

You collected 220 gold pieces.

Inventory:

Hand Weapons
 r - the +1 mace of the Depths (weapon) {pain, Dex+3}
   (You found it on level 3 of the Dungeon)

   Dex:       It affects your dexterity (+3).
Armour
 a - a +0 pair of gloves (worn)
 c - a +0 buckler (worn)
 o - a +2 pair of boots (worn)
 w - a +1 ring mail of cold resistance (worn)
Jewellery
 g - a ring of ice
Talismans
 b - a blade talisman
 j - a beast talisman
Wands
 m - a wand of light (9)
 z - a wand of digging (6)
Scrolls
 f - a scroll of teleportation {unknown}
 i - a scroll of butterflies {unknown}
 k - a scroll of brand weapon {unknown}
 l - 3 scrolls of revelation {unknown}
 n - a scroll of poison {unknown}
 p - 2 scrolls of identify {unknown}
 t - a scroll of enchant weapon {unknown}
 v - a scroll of fear {unknown}
 y - a scroll of amnesia {unknown}
Potions
 d - 3 potions of might
 e - 2 potions of curing {unknown}
 h - a potion of mutation {unknown}
 q - a potion of cancellation {unknown}
 s - 2 potions of berserk rage {unknown}
 u - 2 potions of enlightenment {unknown}
 x - a potion of heal wounds {unknown}


   Skills:
 + Level 4.2 Fighting
 + Level 5.1 Maces & Flails
 + Level 4.8 Armour
 + Level 4.4 Shields


You had 5 spell levels left.
You didn't know any spells.
Your spell library contained the following spells:

 Spells                   Type           Power      Damage    Failure   Level
 Apportation              Tloc           0%         N/A       63%         1
 Necrotise                Necr           0%         1d4       63%         1
 Shock                    Conj/Air       0%         1d3       63%         1
 Summon Small Mammal      Summ           0%         N/A       63%         1
 Swiftness                Air            0%         N/A       94%         3
 Airstrike                Air            0%         2d(0-16)  100%        4
 Anguish                  Hex/Necr       0%         N/A       100%        4
 Cause Fear               Hex            0%         N/A       100%        4
 Enfeeble                 Hex            0%         N/A       100%        7


Dungeon Overview and Level Annotations

Branches:
Dungeon (4/15)
 Temple: D:4-7

Altars:
Elyvilon
Uskayaw
Zin
The Shining One

Shops:
D:3 ?

Annotations:
D:4 1 runed translucent door, Crazy Yiuf


Innate Abilities, Weirdness & Mutations

You are immune to sickness and miasma.
Your stone body is resilient. (AC +4)
You are immune to poison.
You resist negative energy. (rN+)
You are resistant to electric shocks. (rElec)
You are resistant to unholy torment.
You are immune to petrification.


Message History

You are too injured to fight recklessly!
You are too injured to fight recklessly!
You are too injured to fight recklessly!
You hit the orc priest.
The orc priest is severely wounded.
The orc hits you but does no damage. You block the orc's attack.
The orc priest calls down the wrath of Beogh upon you.
Pain shoots through your body!
You sock the orc priest!
You kill the orc priest!
The orc closely misses you. The orc priest hits you with a +0 mace.
The orc hits you with a +0 whip.
Your Maces & Flails skill increases to level 5!
The orc closely misses you. The orc barely misses you.
Things that are here:
a +0 flail; an orc corpse You hit the orc priest.
The orc priest is lightly wounded.
The orc closely misses you. You block the orc's attack.
The orc priest looks satisfied for a moment.
The orc closely misses you.
You sock the orc priest!
The orc priest is severely wounded.
The orc completely misses you. The orc hits you but does no damage.
The orc closely misses you.
The orc priest hits you but does no damage.
The orc barely misses you.
The orc priest mumbles some strange prayers to Beogh against you.
Beogh smites you!
* * * LOW HITPOINT WARNING * * *
The orc hits you with a +0 hand axe.
* * * LOW HITPOINT WARNING * * *
The orc hits you but does no damage.
You sock the orc priest!
You kill the orc priest!
You block the orc's attack. x2; The orc hits you but does no damage.
You hit the orc.
The orc is lightly wounded.
The orc hits you with a +0 hand axe.
You die...

.# #.#######+#### .#
#............. .#
#...........### .#
#...........#.. .#
##...........#.> .#
#............#..
)########.#..........###
...............o)o......
................@o...###
.########.#.##########
.# ###.).#.# .#
##...###+##
.###.........#
.##..#.......#
....##.......#
.#####.......# .#
#.......#


You could see 3 orcs.

Vanquished Creatures
  A phantom (D:4)
  A jelly (D:4)
  3 orc priests (D:4)
  An iguana (D:4)
  An orc wizard (D:4)
  4 gnolls
  3 adders
  2 adder skeletons (D:2)
  2 worms
  A dart slug (D:2)
  14 orcs
  5 ball pythons
  4 bats
  A bat skeleton (D:2)
  A bat zombie (D:2)
  7 endoplasms
  7 giant cockroaches
  3 goblins
  2 hobgoblins (D:2)
  7 jackals
  4 quokkas
  3 frilled lizards
  2 giant cockroach zombies (D:2)
  8 kobolds
  4 rats
91 creatures vanquished.

Notes
Turn   | Place    | Note
-------+----------+-------------------------------------------
     0 | D:1      | AdnanSaban the Gargoyle Fighter began the quest for the
                  | Orb.
     0 | D:1      | Reached XP level 1. HP: 14/14 MP: 1/1
   182 | D:1      | Reached XP level 2. HP: 19/19 MP: 2/2
   591 | D:1      | Reached XP level 3. HP: 19/23 MP: 3/3
  1225 | D:2      | Reached XP level 4. HP: 28/28 MP: 4/4
  1233 | D:2      | Reached skill level 3 in Maces & Flails
  1728 | D:3      | Identified the +1 mace of the Depths {pain, Dex+3}
  2036 | D:3      | Found Oseton's Magic Scroll Boutique.
  2166 | D:3      | Found a glowing silver altar of Zin.
  2166 | D:3      | Found a white marble altar of Elyvilon.
  2166 | D:3      | Found a glowing golden altar of the Shining One.
  2456 | D:4      | Reached XP level 5. HP: 28/33 MP: 5/5
  2549 | D:4      | Reached skill level 4 in Maces & Flails
  2565 | D:4      | Reached XP level 6. HP: 19/38 MP: 6/6
  2932 | D:4      | Found a runed translucent door.
  2933 | D:4      | Noticed Crazy Yiuf
  3235 | D:4      | Found a hide-covered altar of Uskayaw.
  3374 | D:4      | Reached skill level 5 in Maces & Flails
  3376 | D:4      | HP: 1/38 [orc/+0 hand axe (5)]
  3378 | D:4      | Slain by an orc

Illustrated notes

Levels and vault maps discovered:
D:1:      scummos_arrival_simple_fountains, layout_loops_corners
D:2:      kennysheep_six_static_rooms, layout_loops_ring, serial_undead,
          serial_undead_d, serial_undead_e, serial_undead_f, serial_undead_d,
          kennysheep_generic_room_15
D:3:      layout_basic, dreamdust_divine_triumvirate, serial_shops,
          nicolae_shop_behind_doors
D:4:      layout_basic, mainiacjoe_overflow_brackets, serial_shops,
          nicolae_take_the_stairs, uniq_crazy_yiuf_cottage

Skill      XL: |  1  2  3  4  5  6 |
---------------+-------------------+-----
Armour         | 4 |  4.8
Maces & Flails | 3 4 5 |  5.1
Shields        | 4 |  4.4
Fighting       | 4 |  4.2

Action                     |  1- 3 |  4- 6 || total
---------------------------+-------+-------++-------
  Melee: Flail             |   139 |    25 ||   164
         Mace              |       |   189 ||   189
 Armour: Scale mail        |   116 |    32 ||   148
         Ring mail         |       |   108 ||   108
  Dodge: Dodged            |    80 |   145 ||   225
  Block: Buckler           |    34 |    76 ||   110

Table legend: (Time is in decaauts)
 A = Elapsed time spent in this place.
 B = Non-inter-level travel time spent in this place.
 C = Inter-level travel time spent in this place.
 D = Time resting spent in this place.
 E = Time spent auto-exploring this place.
 F = Levels seen in this place.
 G = Mean time per level.
                   A        B        C        D        E       F      G
               +--------+--------+--------+--------+--------+-----+--------+
         Total |   3472 |   3366 |    106 |     79 |   2483 |   4 |  868.0 |
       Dungeon |   3472 |   3366 |    106 |     79 |   2483 |   4 |  868.0 |
               +--------+--------+--------+--------+--------+-----+--------+

Top non-repeatable levels by time:
     D:4: 1028 daAuts
     D:1: 972 daAuts
     D:2: 804 daAuts
     D:3: 667 daAuts
